 Dungeon Crawl Stone Soup version 0.29.1-15-g9cfb28693d (webtiles) character file.

Game seed: 17312257158156466163

8962 KittyFluff the Basher (level 11, -3/100 HPs)
             Began as a Gargoyle Berserker on Apr 25, 2023.
             Was a High Priest of Trog.
             Slain by an orc warlord
             ... wielding a +5 broad axe
              (15 damage)
             ... in a bailey.
             The game lasted 00:39:35 (9321 turns).

KittyFluff the Basher (Gargoyle Berserker)          Turns: 9321, Time: 00:39:36

Health: -3/100     AC: 19    Str: 22    XL:     11   Next: 39%
Magic:  11/11      EV: 13    Int:  7    God:    Trog [*****.]
Gold:   429        SH:  0    Dex: 13    Spells: 10/10 levels left

rFire   . . .      SeeInvis +   v - +1 flail (drain)
rCold   . . .      Faith    .   (no shield)
rNeg    + + .      Spirit   .   F - +0 steam dragon scales
rPois   ∞          Reflect  .   A - +0 helmet "Cimeik" {rN+}
rElec   +          Harm     .   l - +1 cloak {Stlth+}
rCorr   .          Rampage  .   o - +0 pair of gloves
Will    .....                   (no boots)
Stlth   ..........              (no amulet)
HPRegen 0.26/turn               s - ring of see invisible
MPRegen 0.12/turn               (no ring)

@: berserking, very quick
A: sickness immunity, AC +8, negative energy resistance 1, electricity
resistance, torment resistance 1, petrification resistance
a: Renounce Religion, Berserk, Trog's Hand, Brothers in Arms


You were in a bailey.
You worshipped Trog.
Trog was extremely pleased with you.
You visited 1 branch of the dungeon, and saw 8 of its levels.
You also visited: Bailey.

You collected 429 gold pieces.

Inventory:

Hand Weapons
 a - a +0 mace
 v - a +1 flail of draining (weapon)
Missiles
 e - 20 stones
 y - 2 poisoned darts
 G - 3 boomerangs (quivered)
Armour
 l - a +1 cloak of stealth (worn)
 o - a +0 pair of gloves (worn)
 A - the +0 helmet "Cimeik" (worn) {rN+}
   (You found it on level 5 of the Dungeon)

   rN:        It protects you from negative energy.
 C - a +0 chain mail of fire resistance
 F - +0 steam dragon scales (worn)
Jewellery
 s - a ring of see invisible (left hand)
Wands
 b - a wand of mindburst (19)
Scrolls
 c - 2 scrolls of teleportation {unknown}
 i - 2 scrolls of vulnerability {unknown}
 j - 4 scrolls of immolation
 q - a scroll of silence
 t - 2 scrolls of fear {unknown}
 u - 2 scrolls of acquirement {unknown}
 x - 3 scrolls of enchant armour
 z - 2 scrolls of blinking
 D - 3 scrolls of enchant weapon {unknown}
 E - 2 scrolls of fog
Potions
 d - a potion of lignification {unknown}
 f - 3 potions of heal wounds
 g - 2 potions of curing {unknown}
 h - 4 potions of attraction {unknown}
 k - a potion of degeneration {unknown}
 m - 2 potions of flight {unknown}
 n - a potion of ambrosia {unknown}
 p - 2 potions of mutation {unknown}
 w - a potion of magic {unknown}
 B - 3 potions of haste {unknown}
 H - a potion of resistance
 I - a potion of might


   Skills:
 + Level 7.1 Fighting
 + Level 13.8 Maces & Flails
 * Level 7.6 Armour
 + Level 5.0 Dodging
 + Level 5.4 Stealth


You had 10 spell levels left.
You didn't know any spells.
Your spell library was empty.

Dungeon Overview and Level Annotations

Branches:
Dungeon (8/15)             Temple (0/1) D:7          Bailey (1/1)
   Lair: D:8-11

Altars:
Gozag
Qazlal
Sif Muna
Vehumet
Yredelemnul
Zin

Shops:
D:6 (   D:7 =


Innate Abilities, Weirdness & Mutations

You are immune to sickness and miasma.
Your stone body is resilient. (AC +8)
You are immune to poison.
You resist negative energy. (rN+)
You are resistant to electric shocks. (rElec)
You are resistant to unholy torment.
You are immune to petrification.


Message History

You have reached level 11! 2 goblins come into view.
There is an open door here.
The orc warlord shouts!
The orc warlord roars a battlecry!
The goblin shouts!
An orc warrior comes into view. It is wielding a +0 war axe.
You sock the orc warlord!
The orc warlord is lightly wounded.
The orc warlord barely misses you.
You hit the orc warlord.
The orc warlord is lightly wounded.
The orc warlord hits you with a +5 broad axe!!
A red film seems to cover your vision as you go berserk!
You feel yourself moving faster!
You feel mighty! The orc warlord misses you.
You hit the orc warlord but do no damage.
The orc warlord is lightly wounded.
You sock the orc warlord!
The orc warlord is moderately wounded.
The orc warlord hits you with a +5 broad axe!!
You sock the orc warlord! You drain the orc warlord.
The orc warlord is moderately wounded.
You hit the orc warlord.
The orc warlord is moderately wounded.
The orc warlord hits you with a +5 broad axe!
* * * LOW HITPOINT WARNING * * *
You sock the orc warlord!
The orc warlord is heavily wounded.
You hit the orc warlord but do no damage.
The orc warlord is heavily wounded.
The orc warlord hits you with a +5 broad axe!
* * * LOW HITPOINT WARNING * * *
You closely miss the orc warlord.
The orc warlord is heavily wounded.
You bludgeon the orc warlord!!
The orc warlord is severely wounded.
You hit the orc warlord. You drain the orc warlord.
The orc warlord is severely wounded.
The orc warlord hits you with a +5 broad axe!
You die...

#.....)..)..#.....)...
#...........#.........
###.........###...)))..
###.#'#.....###.###)..).#
###.....###.###....
###.###
##.........###......
###..
#..........8##...... #...
#..........8#....... #...
#∩....⌠....@og...... #...
#..........8#g...... #...
#..........8##...... #...
##.........###......
###.. ###.....###.###....
###.###
###.#'#.....###.###.....#
###.........###........
#...........#.........
#...........#.........


You could see an orc warlord (drained) and 2 goblins.

Vanquished Creatures
  An orc knight (Bailey)
  Maggie (D:7)
  11 orc warriors
  2 black bears
  2 sky beasts (D:6)
  3 ogres
  A phantom (D:7)
  5 bullfrogs
  A gnoll sergeant (D:7)
  5 scorpions
  A water moccasin zombie (D:3)
  4 wights (D:6)
  A howler monkey (D:6)
  Crazy Yiuf (D:2)
  3 hounds
  2 jellies
  5 orc priests
  2 iguanas
  10 orc wizards
  Ijyb (D:3)
  2 hound zombies (D:3)
  13 gnolls
  18 adders
  A shadow imp (D:6)
  A white imp (D:7)
  2 worms
  6 dart slugs
  31 orcs
  6 bats
  5 endoplasms
  3 giant cockroaches
  13 goblins
  20 hobgoblins
  6 jackals
  6 quokkas
  13 ball pythons
  4 frilled lizards
  11 kobolds
  3 rats
226 creatures vanquished.

Vanquished Creatures (others)
  A fungus (D:2)
1 creature vanquished.

Grand Total: 227 creatures vanquished

Notes
Turn   | Place    | Note
-------+----------+-------------------------------------------
     0 | D:1      | KittyFluff the Gargoyle Berserker began the quest for the
                  | Orb.
     0 | D:1      | Reached XP level 1. HP: 14/14 MP: 1/1
   522 | D:1      | Reached XP level 2. HP: 12/19 MP: 2/2
   923 | D:1      | Reached ** piety under Trog
   925 | D:1      | Reached XP level 3. HP: 24/24 MP: 3/3
  1402 | D:2      | Reached XP level 4. HP: 27/29 MP: 4/4
  1422 | D:2      | Found a faded altar of an unknown god.
  1469 | D:2      | Found a runed translucent door.
  1470 | D:2      | Noticed Crazy Yiuf
  1478 | D:2      | Killed Crazy Yiuf
  1479 | D:2      | Reached skill level 4 in Maces & Flails
  1738 | D:2      | Reached XP level 5. HP: 31/33 MP: 5/5
  1879 | D:3      | Reached *** piety under Trog
  2112 | D:3      | Found a basalt altar of Yredelemnul.
  2132 | D:3      | Reached XP level 6. HP: 36/38 MP: 6/6
  2795 | D:4      | Reached skill level 5 in Maces & Flails
  2795 | D:4      | Noticed Ijyb
  3098 | D:3      | Killed Ijyb
  3099 | D:3      | Reached skill level 1 in Stealth
  3455 | D:4      | Reached XP level 7. HP: 44/44 MP: 7/7
  3906 | D:4      | Reached **** piety under Trog
  4488 | D:5      | Entered Level 5 of the Dungeon
  4492 | D:5      | Reached skill level 6 in Maces & Flails
  4589 | D:5      | Reached XP level 8. HP: 40/48 MP: 8/8
  5053 | D:5      | Reached skill level 5 in Armour
  5056 | D:5      | Identified the +0 helmet "Cimeik" {rN+}
  5120 | D:5      | Reached skill level 5 in Fighting
  5158 | D:5      | Found a shimmering blue altar of Sif Muna.
  5165 | D:5      | Found a stormy altar of Qazlal.
  5432 | D:5      | Found a glowing silver altar of Zin.
  5557 | D:6      | Reached skill level 7 in Maces & Flails
  5660 | D:6      | Found an opulent altar of Gozag.
  5746 | D:6      | Reached XP level 9. HP: 28/54 MP: 9/9
  5894 | D:6      | Found Pajub's Weapon Boutique.
  6054 | D:6      | Reached skill level 8 in Maces & Flails
  6728 | D:7      | Found Wuhegod's Jewellery Boutique.
  6920 | D:7      | Noticed Maggie
  6931 | D:7      | Killed Maggie
  7165 | D:7      | Found a radiant altar of Vehumet.
  7272 | D:7      | Reached ***** piety under Trog
  7560 | D:7      | Reached skill level 9 in Maces & Flails
  7642 | D:7      | Found a staircase to the Ecumenical Temple.
  7922 | D:8      | Found a flagged portal.
  8028 | Bailey   | Entered a bailey
  8250 | Bailey   | Reached skill level 5 in Stealth
  8250 | Bailey   | Reached XP level 10. HP: 49/61 MP: 10/10
  8483 | Bailey   | Noticed an orc knight
  8524 | Bailey   | Killed an orc knight
  8935 | Bailey   | Reached skill level 5 in Dodging
  9300 | Bailey   | Noticed an orc warlord
  9301 | Bailey   | Reached skill level 13 in Maces & Flails
  9301 | Bailey   | Reached XP level 11. HP: 67/67 MP: 11/11
  9321 | Bailey   | Slain by an orc warlord

Illustrated notes

Levels and vault maps discovered:
D:1:      nzn_arrival_settlement, layout_rooms
D:2:      layout_rooms, serial_glass, glass_columns_a, glass_columns_b,
          glass_columns_b, basic_ecumenical_altar, uniq_crazy_yiuf_cottage
D:3:      layout_basic, nicolae_yredelemnul_corpse_copse
D:4:      layout_basic, st_stairs_4, uniq_ijyb
D:5:      layout_loops_ring, zin_academy, nicolae_sif_muna_condensation,
          nicolae_overflow_hidden_temple, due_unseen_surprise
D:6:      layout_basic, grunt_gozag_statues, serial_shops,
          nicolae_shop_bloodbath_and_beyond
D:7:      layout_basic, fiery_altar_vehumet, minmay_temple_entry_poolview,
          serial_shops, nicolae_shop_hallway_plus, uniq_maggie
D:8:      layout_basic, fedhas_altar_decomposition,
          pdpol_wu_jian_five_deadly_venoms, enter_bailey_3, minivault_14,
          minmay_orc_keep
Bailey:   bailey_axe_minmay_hex_keep, bailey

Skill      XL: |  1  2  3  4  5  6  7  8  9 10 |
---------------+-------------------------------+-----
Dodging        | 2 3 4 5 |  5.0
Fighting       | 4 5 6 7 |  7.1
Maces & Flails | 4 5 6 7 9 13 | 13.8
Armour         | 3 4 5 7 |  7.6
Stealth        | 1 2 3 5 |  5.4

Action                   |  1- 3 |  4- 6 |  7- 9 | 10-12 || total
-------------------------+-------+-------+-------+-------++-------
Melee: Mace              |   135 |   190 |     3 |       ||   328
       Punch             |     2 |     1 |     6 |     3 ||    12
       Flail             |       |       |   363 |   145 ||   508
Throw: Boomerang         |       |       |       |     1 ||     1
Invok: Berserk           |       |     1 |       |     2 ||     3
Evoke: Wand              |       |       |     1 |       ||     1
  Use: Scroll            |       |     2 |     5 |       ||     7
       Potion            |       |       |     1 |     1 ||     2
 Stab: Sleeping          |       |     2 |    14 |       ||    16
       Distracted        |       |       |       |     1 ||     1
Armor: Leather armour    |    59 |   103 |   100 |       ||   262
       Animal skin       |     1 |       |       |       ||     1
       Steam dragon scal |       |       |    34 |    40 ||    74
Dodge: Dodged            |    89 |   151 |   199 |    66 ||   505
